 Dungeon Crawl Stone Soup version 0.29-a0-1006-g0dd7720b37 (webtiles) character file.

Game seed: 1529887776648540707

901 drpainis the Slasher (level 7, 0/55 HPs)
             Began as a Demonspawn Berserker on Aug 6, 2022.
             Was a Believer of Trog.
             Succumbed to a scorpion's poison
             ... on level 6 of the Dungeon.
             The game lasted 00:07:24 (6681 turns).

drpainis the Slasher (Demonspawn Berserker)         Turns: 6681, Time: 00:07:25

Health: 0/55       AC: 17    Str: 19    XL:     7   Next: 80%
Magic:  7/7        EV:  6    Int:  9    God:    Trog [**....]
Gold:   340        SH:  0    Dex: 12    Spells: 6/6 levels left

rFire   . . .      SeeInvis .   a - +0 falchion
rCold   . . .      Faith    .   (no shield)
rNeg    . . .      Spirit   .   s - +0 plate armour
rPois   .          Reflect  .   (helmet restricted)
rElec   .          Harm     .   (no cloak)
rCorr   +          Rampage  .   (no gloves)
Will    .....                   u - +0 pair of boots
Stlth   ..........              (no amulet)
HPRegen 0.18/turn               z - +4 ring of protection
MPRegen 0.10/turn               o - ring of resist corrosion

@: lethally poisoned (0 -> -5), on berserk cooldown, slowed, very slow
A: antennae 2, hooves 1, powered by pain 1, weakness stinger 1
a: Renounce Religion, Berserk, Trog's Hand


You were on level 6 of the Dungeon.
You worshipped Trog.
Trog was pleased with you.
You visited 1 branch of the dungeon, and saw 6 of its levels.

You collected 340 gold pieces.

Inventory:

Hand Weapons
 a - a +0 falchion (weapon)
Missiles
 y - 6 atropa-tipped darts (quivered)
Armour
 b - a +0 animal skin
 d - a +0 ring mail
 g - a +0 chain mail
 n - a +0 helmet
 s - a +0 plate armour (worn)
 u - a +0 pair of boots (worn)
Jewellery
 o - a ring of resist corrosion (right hand)
 z - a +4 ring of protection (left hand)
Wands
 v - a wand of charming (10)
Scrolls
 c - 2 scrolls of vulnerability
 e - a scroll of enchant weapon {unknown}
 f - 3 scrolls of teleportation
 i - a scroll of enchant armour {unknown}
 j - a scroll of summoning {unknown}
 l - a scroll of noise
 q - 2 scrolls of amnesia
 t - 2 scrolls of blinking
 x - 2 scrolls of magic mapping
Potions
 h - 2 potions of lignification {unknown}
 k - 2 potions of might {unknown}
 m - a potion of cancellation {unknown}
 r - 2 potions of heal wounds {unknown}
 w - a potion of curing {unknown}
 A - a potion of flight {unknown}
 B - a potion of brilliance {unknown}
 C - a potion of attraction {unknown}


   Skills:
 + Level 4.6 Fighting
 + Level 6.2 Long Blades
 + Level 4.6 Armour
 + Level 2.4 Dodging
 + Level 0.9 Stealth


You had 6 spell levels left.
You didn't know any spells.
Your spell library was empty.

Dungeon Overview and Level Annotations

Branches:
Dungeon (6/15)
 Temple: D:4-7

Altars:
Hepliaklqana
Kikubaaqudgha
Makhleb
Nemelex Xobeh
Okawaru
Yredelemnul


Innate Abilities, Weirdness & Mutations

You have a pair of antennae on your head.
You have large cloven feet.
You sometimes gain a little power by taking damage.
You have a small tail.


Message History

The scorpion stings you.
The scorpion stings you but does no damage.
You hit the scorpion.
The scorpion is severely wounded.
The scorpion stings you but does no damage. x2
You hit the scorpion.
You tail-slap the scorpion, but do no damage.
The scorpion is almost dead.
The scorpion closely misses you. The scorpion stings you.
You are poisoned.
The scorpion poisons you!
You hit the scorpion but do no damage.
The scorpion is almost dead.
You feel very sick.
The scorpion stings you but does no damage.
You closely miss the scorpion.
The scorpion is almost dead.
You feel very sick.
The scorpion stings you but does no damage. x2
You barely miss the scorpion.
The scorpion is almost dead.
You feel sick. The scorpion stings you.
* * * LOW HITPOINT WARNING * * *
You are lethally poisoned!
The scorpion poisons you!
The scorpion stings you but does no damage.
* * * LOW HITPOINT WARNING * * *
You feel very sick.
The scorpion stings you but does no damage. x2
You barely miss the scorpion. You tail-slap the scorpion.
The scorpion is almost dead.
* * * LOW HITPOINT WARNING * * *
You feel very sick. The scorpion barely misses you. x2
You hit the scorpion.
You kill the scorpion!
Trog accepts your kill.
* * * LOW HITPOINT WARNING * * *
You feel sick.
You die...

............#
.........=..#
............#
............#
...........<#
........#+#.#
#######.#
#...#.#
#.#<#@#
#.###.#
#.....#
#######


There were no monsters in sight!

Vanquished Creatures
  A steam dragon (D:6)
  An ogre (D:4)
  3 phantoms
  2 scorpions
  An orc priest (D:3)
  A hound (D:4)
  An iguana (D:5)
  3 orc wizards
  8 adders
  3 gnolls (D:5)
  2 ufetubi
  A worm (D:2)
  A dart slug (D:5)
  7 orcs
  8 ball pythons
  5 endoplasms
  3 giant cockroaches
  2 hobgoblins (D:1)
  2 jackals (D:3)
  2 quokkas
  5 bats
  3 frilled lizards
  6 goblins
  11 kobolds
  2 rats
84 creatures vanquished.

Notes
Turn   | Place    | Note
-------+----------+-------------------------------------------
     0 | D:1      | drpainis the Demonspawn Berserker began the quest for the
                  | Orb.
     0 | D:1      | Reached XP level 1. HP: 18/18 MP: 1/1
   297 | D:1      | Reached skill level 3 in Long Blades
   297 | D:1      | Gained mutation: You sometimes gain a little power by
                  | taking damage. [demonic ancestry]
   297 | D:1      | Reached XP level 2. HP: 21/24 MP: 2/2
  1155 | D:1      | Found a faded altar of an unknown god.
  1573 | D:2      | Discovered your monstrous ancestry.
  1573 | D:2      | Gained mutation: You have a small tail. [demonic ancestry]
  1573 | D:2      | Reached XP level 3. HP: 29/29 MP: 3/3
  1598 | D:2      | Reached ** piety under Trog
  2312 | D:3      | Gained mutation: You have a pair of small antennae on your
                  | head. [demonic ancestry]
  2312 | D:3      | Reached XP level 4. HP: 35/35 MP: 4/4
  2313 | D:3      | Reached skill level 4 in Long Blades
  2742 | D:3      | Found a basalt altar of Yredelemnul.
  2804 | D:3      | Reached XP level 5. HP: 31/41 MP: 5/5
  3432 | D:4      | Noticed an ogre
  3443 | D:4      | Killed an ogre
  3624 | D:4      | Noticed a phantom
  3646 | D:4      | Killed a phantom
  3647 | D:4      | Gained mutation: You have large cloven feet. [demonic
                  | ancestry]
  3647 | D:4      | Reached XP level 6. HP: 43/48 MP: 6/6
  4449 | D:4      | Reached skill level 5 in Long Blades
  5176 | D:5      | Entered Level 5 of the Dungeon
  5395 | D:5      | Found a hazy altar of Hepliaklqana.
  5397 | D:5      | Found a sparkling altar of Nemelex Xobeh.
  5399 | D:5      | Found an ancient bone altar of Kikubaaqudgha.
  5400 | D:5      | Found an iron altar of Okawaru.
  5400 | D:5      | Found a burning altar of Makhleb.
  5532 | D:5      | Gained mutation: You have a pair of antennae on your head.
                  | [demonic ancestry]
  5532 | D:5      | Reached XP level 7. HP: 54/54 MP: 7/7
  6647 | D:6      | Noticed a steam dragon
  6658 | D:6      | Killed a steam dragon
  6659 | D:6      | Reached skill level 6 in Long Blades
  6680 | D:6      | HP: 2/55 [poisoned by a scorpion]
  6681 | D:6      | Succumbed to a scorpion's poison

Illustrated notes

Levels and vault maps discovered:
D:1:      minmay_arrival_shattered_statue, layout_loops_ring,
          basic_ecumenical_altar, kennysheep_pointless_box
D:2:      layout_basic
D:3:      layout_loops_corners, mainiacjoe_overflow_alcove_2, kennysheep_nub,
          st_stairs_13
D:4:      layout_basic, minmay_splitting_lines
D:5:      layout_loops_ring, grunt_temple_overflow_open
D:6:      layout_basic

Skill      XL: |  1  2  3  4  5  6  7 |
---------------+----------------------+-----
Long Blades    | 3 4 5 6 |  6.2
Armour         | 2 3 4 |  4.6
Dodging        | 2 |  2.4
Fighting       | 4 |  4.6
Stealth        | |  0.9

Action                   |  1- 3 |  4- 6 |  7- 9 || total
-------------------------+-------+-------+-------++-------
Melee: Falchion          |   128 |   176 |   110 ||   414
       Tailslap          |     9 |    21 |    11 ||    41
       Punch             |       |     2 |     1 ||     3
       Kick              |       |     2 |       ||     2
Invok: Berserk           |     1 |     1 |     2 ||     4
       Trog's Hand       |     1 |     1 |     2 ||     4
  Use: Scroll            |       |     2 |     4 ||     6
Armor: Ring mail         |    23 |       |       ||    23
       Animal skin       |     5 |       |       ||     5
       Chain mail        |    36 |    58 |       ||    94
       Plate armour      |       |    78 |    95 ||   173
Dodge: Dodged            |    80 |    52 |    27 ||   159

Table legend: (Time is in decaauts)
 A = Elapsed time spent in this place.
 B = Non-inter-level travel time spent in this place.
 C = Inter-level travel time spent in this place.
 D = Time resting spent in this place.
 E = Time spent auto-exploring this place.
 F = Levels seen in this place.
 G = Mean time per level.
                   A        B        C        D        E       F      G
               +--------+--------+--------+--------+--------+-----+--------+
         Total |   6747 |   6517 |    230 |   1297 |   3916 |   6 | 1124.5 |
       Dungeon |   6747 |   6517 |    230 |   1297 |   3916 |   6 | 1124.5 |
               +--------+--------+--------+--------+--------+-----+--------+

Top non-repeatable levels by time:
     D:4: 1792 daAuts
     D:5: 1467 daAuts
     D:3: 1370 daAuts
     D:1: 1281 daAuts
     D:2: 780 daAuts
     D:6: 55 daAuts
